Map: Neon Violet Square LE

Players

Batty - Winner!

  • Race: Protoss Protoss
  • League: Gold
  • Spawn Location: 11:00

IagoAbreu

  • Race: Terran Terran
  • Spawn Location: 5:00

VOD

Have the link to the VOD?

Description

Time

  • Played on: Feb. 20, 2018, 9:24 p.m.
  • Length: 6:00
Show
View Real Time Build Order
Export as new Build Order

Batty Protoss - Winner!

Build Orders:  

Get SALT Encoding   

  12  0:15  Pylon  
  12  0:19  Probe (Chrono Boost)  
  14  0:30  Probe (Chrono Boost)  
  14  0:38  Gateway  
  14  0:42  Assimilator  
  14  0:47  Assimilator  
  14  0:48  Probe  
  15  1:00  Probe  
  16  1:11  Forge  
  16  1:12  Probe  
  17  1:25  Probe (Chrono Boost)  
  18  1:37  Probe (Chrono Boost)  
  19  1:42  Probe (Chrono Boost), Cybernetics Core  
  20  1:49  Cybernetics Core  
  20  1:51  Probe  
  21  2:02  Photon Cannon  
  21  2:03  Probe  
  22  2:11  Pylon  
  22  2:15  Probe  
  23  2:29  Stargate  
  23  2:36  Stargate  
  23  2:44  Photon Cannon  
  23  3:00  Photon Cannon  
  23  3:17  Void Ray (Chrono Boost)  
  31  3:28  Void Ray (Chrono Boost)  
  31  4:08  Pylon  
  31  4:20  Pylon  
  31  4:25  Void Ray x2  
  47  5:48  Pylon  
Show
View Real Time Build Order
Export as new Build Order

IagoAbreu Terran 

Build Orders:  

Get SALT Encoding   

  12  0:02  SCV  
  13  0:15  SCV  
  13  0:20  Supply Depot  
  14  0:27  SCV  
  15  0:34  Supply Depot  
  15  0:41  SCV  
  16  0:50  Barracks  
  16  1:07  Engineering Bay  
  16  1:20  SCV  
  17  1:32  SCV  
  18  1:45  Command Center  
  18  1:52  Orbital Command  
  18  1:57  Refinery  
  18  2:10  Bunker  
  18  2:26  SCV  
  19  2:31  Refinery  
  19  2:36  Engineering Bay  
  19  2:38  SCV  
  20  2:44  Barracks Reactor  
  20  2:50  SCV  
  21  3:00  Orbital Command  
  21  3:03  SCV  
  22  3:11  Barracks  
  22  3:15  SCV  
  23  3:23  Sensor Tower  
  23  3:31  Command Center  
  23  3:56  SCV  
  23  3:59  SCV  
  25  4:08  SCV  
  26  4:11  SCV  
  26  4:16  Marine x2  
  29  4:19  Barracks Tech Lab  
  29  4:20  SCV  
  29  4:23  SCV  
  31  4:27  Ghost Academy  
  31  4:32  SCV  
  31  4:34  Marine x2  
  34  4:44  SCV  
  31  4:49  Missile Turret  
  31  4:50  Missile Turret  
  31  4:51  Marine  
  31  4:52  Marine, Missile Turret  
  26  5:23  Missile Turret  
  26  5:25  Missile Turret x2  
  25  5:35  SCV  
  26  5:41  Missile Turret  
  26  5:45  Missile Turret  
  26  5:47  SCV  
Tags
 
Add a new tag
Caveats
  • Supply blocks, unpowered buildings, or Contaminate may cause inaccurate times.
  • Supply counts are checked every 10 seconds.